[ AOE2 MATCH · #507359000 ]
UnrankedShu vs Bulgarians
Player's team · WIN
[ REPLAY ANALYSIS · EXTRACTED FROM THE RECORDED GAME ]
Feudal
8:50
Castle
21:51
Imperial
—
| APM avg | 76.1 |
| APM peak | 102 |
| eAPM avg | 41.4 |
| Villagers / military | 68 / 8 |
Focus
⚔️ 58.4% · 🌾 41.6%
Unknown (1944) ×8 · Skirmisher ×5 · Battering Ram ×2 · Archer ×1
Feudal
8:52
Castle
—
Imperial
—
| APM avg | 64.4 |
| APM peak | 91 |
| eAPM avg | 30.1 |
| Villagers / military | 64 / 16 |
Focus
⚔️ 48.4% · 🌾 51.6%
Skirmisher ×13 · Militia ×3
Match map
Initial resources + every placement click. Lines = walls · curves = elevation contours. ◆ gold · ⬟ stone · ● berries · ✦ relic · ◌ wall gap
Your base· Open — 5t gap
DS_Prodan's base· Open — unwalled flank
Smoothed initial terrain · ◌ = detected wall gap · hover for details
Inputs per minute
— wR.Prisma - - DS_Prodan
Build order — wR.Prisma
First 150 of 158 actions detected
| 0:00 | Create | Villager (Male) |
| 0:00 | Create | Villager (Male) |
| 0:01 | Build | House |
| 0:02 | Build | House |
| 0:09 | Create | Villager (Male) |
| 0:12 | Create | Villager (Male) |
| 1:31 | Create | Villager (Male) |
| 1:42 | Create | Villager (Male) |
| 2:02 | Build | Lumber Camp |
| 2:23 | Create | Villager (Male) |
| 2:47 | Create | Villager (Male) |
| 2:50 | Create | Villager (Male) |
| 3:16 | Create | Villager (Male) |
| 3:43 | Create | Villager (Male) |
| 3:51 | Build | House |
| 4:08 | Create | Villager (Male) |
| 4:25 | Build | House |
| 4:27 | Build | House |
| 4:30 | Create | Villager (Male) |
| 4:40 | Create | Villager (Male) |
| 4:59 | Create | Villager (Male) |
| 5:00 | Create | Villager (Male) |
| 5:13 | Create | Villager (Male) |
| 5:29 | Build | Mining Camp |
| 5:40 | Research | Loom |
| 5:42 | Create | Villager (Male) |
| 5:42 | Research | Loom |
| 6:38 | Research | Feudal Age |
| 6:40 | Build | Lumber Camp |
| 7:20 | Create | Villager (Male) |
| 7:26 | Create | Villager (Male) |
| 7:37 | Build | Barracks |
| 7:39 | Build | Palisade Wall |
| 7:55 | Build | Palisade Wall |
| 7:56 | Create | Villager (Male) |
| 8:22 | Create | Villager (Male) |
| 8:32 | Build | Mill |
| 8:50 | Age | Feudal Age |
| 8:52 | Build | Archery Range |
| 9:03 | Create | Villager (Male) |
| 9:09 | Research | Double-Bit Axe |
| 9:22 | Build | House |
| 9:35 | Create | Archer |
| 9:36 | Build | Palisade Wall |
| 9:37 | Build | Palisade Wall |
| 9:42 | Build | Palisade Wall |
| 9:49 | Create | Villager (Male) |
| 9:56 | Research | Horse Collar |
| 10:11 | Build | House |
| 10:18 | Create | Skirmisher |
| 10:21 | Create | Villager (Male) |
| 10:24 | Build | Farm |
| 10:33 | Build | Farm |
| 10:46 | Create | Skirmisher |
| 10:56 | Build | Farm |
| 10:58 | Create | Villager (Male) |
| 11:00 | Build | House |
| 11:01 | Create | Villager (Male) |
| 11:12 | Create | Skirmisher |
| 11:17 | Create | Villager (Male) |
| 11:30 | Build | Watch Tower |
| 11:36 | Create | Villager (Male) |
| 11:42 | Create | Skirmisher |
| 12:10 | Create | Villager (Male) |
| 12:19 | Build | Mining Camp |
| 12:29 | Create | Villager (Male) |
| 12:33 | Build | Mining Camp |
| 12:51 | Create | Skirmisher |
| 12:51 | Create | Villager (Male) |
| 13:03 | Build | Blacksmith |
| 13:04 | Build | Palisade Wall |
| 13:15 | Create | Villager (Male) |
| 13:18 | Create | Villager (Male) |
| 13:48 | Research | Fletching |
| 13:49 | Create | Villager (Male) |
| 14:03 | Build | Farm |
| 14:15 | Create | Villager (Male) |
| 14:19 | Build | Farm |
| 14:29 | Create | Villager (Male) |
| 14:38 | Create | Villager (Male) |
| 14:50 | Create | Villager (Male) |
| 14:52 | Build | Farm |
| 14:53 | Build | Farm |
| 14:58 | Build | Palisade Wall |
| 14:59 | Build | Palisade Wall |
| 15:00 | Build | Palisade Wall |
| 15:03 | Build | House |
| 15:09 | Create | Villager (Male) |
| 15:12 | Build | House |
| 15:22 | Create | Villager (Male) |
| 15:23 | Create | Villager (Male) |
| 15:25 | Build | House |
| 15:30 | Build | House |
| 15:31 | Create | Villager (Male) |
| 15:46 | Build | Palisade Gate |
| 15:55 | Create | Villager (Male) |
| 16:08 | Create | Villager (Male) |
| 16:10 | Build | Mining Camp |
| 16:17 | Create | Villager (Male) |
| 16:31 | Build | House |
| 16:32 | Build | House |
| 16:33 | Create | Villager (Male) |
| 16:35 | Build | Farm |
| 16:37 | Build | Farm |
| 16:42 | Create | Villager (Male) |
| 16:43 | Create | Villager (Male) |
| 16:56 | Build | Farm |
| 16:57 | Create | Villager (Male) |
| 17:02 | Build | Farm |
| 17:03 | Create | Villager (Male) |
| 17:09 | Create | Villager (Male) |
| 17:18 | Build | Watch Tower |
| 17:20 | Create | Villager (Male) |
| 17:34 | Create | Villager (Male) |
| 17:50 | Create | Villager (Male) |
| 18:03 | Build | House |
| 18:05 | Create | Villager (Male) |
| 18:34 | Create | Villager (Male) |
| 18:37 | Build | Market |
| 18:40 | Create | Villager (Male) |
| 19:11 | Research | Castle Age |
| 19:11 | Research | Castle Age |
| 19:19 | Build | Stable |
| 19:22 | Build | Stable |
| 19:24 | Build | Stone Wall |
| 19:28 | Create | Villager (Male) |
| 19:29 | Build | Stone Wall |
| 19:31 | Build | Stone Wall |
| 19:51 | Build | Farm |
| 19:55 | Research | Scale Barding Armor |
| 19:59 | Build | Farm |
| 20:13 | Build | Farm |
| 20:32 | Create | Villager (Male) |
| 20:38 | Build | Stable |
| 20:52 | Create | Villager (Male) |
| 20:58 | Research | Forging |
| 21:05 | Build | Farm |
| 21:39 | Create | Villager (Male) |
| 21:51 | Age | Castle Age |
| 21:52 | Build | Siege Workshop |
| 21:53 | Create | Unit 1944 |
| 21:55 | Create | Unit 1944 |
| 21:58 | Create | Unit 1944 |
| 22:00 | Create | Villager (Male) |
| 22:00 | Create | Unit 1944 |
| 22:03 | Create | Unit 1944 |
| 22:15 | Build | Palisade Wall |
| 22:39 | Create | Villager (Male) |
| 22:47 | Create | Battering Ram |
| 23:10 | Create | Unit 1944 |
Build order — DS_Prodan
First 150 of 151 actions detected
| 0:00 | Create | Villager (Male) |
| 0:01 | Create | Villager (Male) |
| 0:01 | Create | Villager (Male) |
| 0:02 | Create | Villager (Male) |
| 0:04 | Build | House |
| 0:05 | Build | House |
| 1:20 | Create | Villager (Male) |
| 1:53 | Create | Villager (Male) |
| 2:14 | Build | Lumber Camp |
| 2:22 | Create | Villager (Male) |
| 2:44 | Create | Villager (Male) |
| 2:57 | Create | Villager (Male) |
| 3:29 | Create | Villager (Male) |
| 3:53 | Build | House |
| 3:55 | Create | Villager (Male) |
| 4:15 | Create | Villager (Male) |
| 4:15 | Create | Villager (Male) |
| 4:29 | Create | Villager (Male) |
| 4:48 | Create | Villager (Male) |
| 5:05 | Build | Barracks |
| 5:22 | Create | Villager (Male) |
| 5:43 | Research | Loom |
| 5:49 | Build | House |
| 6:42 | Research | Feudal Age |
| 7:08 | Create | Militia |
| 7:26 | Create | Militia |
| 8:01 | Build | Mining Camp |
| 8:05 | Create | Militia |
| 8:47 | Build | House |
| 8:52 | Age | Feudal Age |
| 8:54 | Create | Villager (Male) |
| 9:02 | Create | Villager (Male) |
| 9:03 | Create | Villager (Male) |
| 9:05 | Build | Blacksmith |
| 9:14 | Build | Palisade Wall |
| 9:14 | Build | Palisade Wall |
| 9:20 | Build | Palisade Wall |
| 9:39 | Build | Watch Tower |
| 9:42 | Create | Villager (Male) |
| 10:00 | Build | Watch Tower |
| 10:39 | Build | Palisade Wall |
| 10:58 | Create | Villager (Male) |
| 11:12 | Create | Villager (Male) |
| 11:17 | Research | Fletching |
| 11:25 | Build | Watch Tower |
| 11:33 | Build | Mill |
| 11:34 | Create | Villager (Male) |
| 11:50 | Build | House |
| 12:27 | Create | Villager (Male) |
| 12:31 | Build | Archery Range |
| 12:33 | Build | House |
| 12:44 | Create | Villager (Male) |
| 12:54 | Create | Villager (Male) |
| 13:30 | Create | Skirmisher |
| 13:30 | Create | Skirmisher |
| 13:34 | Create | Skirmisher |
| 13:58 | Create | Skirmisher |
| 14:00 | Build | House |
| 14:04 | Build | Farm |
| 14:05 | Build | Farm |
| 14:06 | Build | Farm |
| 14:07 | Build | Farm |
| 14:08 | Create | Villager (Male) |
| 14:22 | Create | Villager (Male) |
| 14:46 | Create | Skirmisher |
| 14:55 | Build | Farm |
| 15:19 | Create | Skirmisher |
| 15:20 | Create | Skirmisher |
| 15:26 | Build | House |
| 15:55 | Create | Skirmisher |
| 16:05 | Build | Farm |
| 16:06 | Build | Farm |
| 16:07 | Create | Villager (Male) |
| 16:07 | Create | Villager (Male) |
| 16:19 | Research | Town Watch |
| 16:27 | Create | Skirmisher |
| 16:34 | Create | Villager (Male) |
| 16:56 | Build | Farm |
| 16:58 | Build | Farm |
| 17:02 | Create | Villager (Male) |
| 17:03 | Build | Market |
| 17:11 | Build | Palisade Wall |
| 17:13 | Build | Palisade Wall |
| 17:14 | Build | Palisade Wall |
| 17:15 | Build | Palisade Wall |
| 17:37 | Create | Villager (Male) |
| 17:49 | Create | Villager (Male) |
| 17:53 | Build | Farm |
| 17:59 | Build | Farm |
| 18:01 | Create | Villager (Male) |
| 18:04 | Build | Palisade Gate |
| 18:21 | Build | Palisade Wall |
| 18:22 | Build | Palisade Wall |
| 18:23 | Build | Palisade Wall |
| 18:37 | Build | Watch Tower |
| 18:40 | Create | Villager (Male) |
| 18:42 | Build | Mining Camp |
| 18:43 | Create | Villager (Male) |
| 18:45 | Build | Farm |
| 18:46 | Create | Villager (Male) |
| 19:01 | Create | Villager (Male) |
| 19:02 | Create | Villager (Male) |
| 19:06 | Build | Farm |
| 19:06 | Create | Villager (Male) |
| 19:08 | Build | House |
| 19:17 | Build | Palisade Wall |
| 19:17 | Build | Palisade Wall |
| 19:18 | Build | Palisade Wall |
| 19:19 | Build | Palisade Wall |
| 19:21 | Create | Villager (Male) |
| 19:30 | Create | Skirmisher |
| 19:44 | Create | Villager (Male) |
| 19:54 | Create | Villager (Male) |
| 19:59 | Create | Skirmisher |
| 20:13 | Build | Watch Tower |
| 20:16 | Create | Villager (Male) |
| 20:17 | Create | Villager (Male) |
| 20:26 | Research | Double-Bit Axe |
| 20:31 | Research | Arson |
| 20:32 | Create | Villager (Male) |
| 20:32 | Create | Villager (Male) |
| 20:33 | Create | Villager (Male) |
| 20:34 | Create | Villager (Male) |
| 20:36 | Create | Skirmisher |
| 20:39 | Create | Villager (Male) |
| 20:50 | Create | Villager (Male) |
| 20:52 | Build | House |
| 20:54 | Build | House |
| 21:04 | Create | Villager (Male) |
| 21:30 | Research | Horse Collar |
| 21:30 | Create | Villager (Male) |
| 21:37 | Create | Villager (Male) |
| 22:41 | Create | Villager (Male) |
| 22:41 | Create | Villager (Male) |
| 22:53 | Build | Palisade Wall |
| 23:02 | Create | Skirmisher |
| 23:06 | Create | Villager (Male) |
| 23:07 | Create | Villager (Male) |
| 23:07 | Create | Villager (Male) |
| 23:09 | Build | Watch Tower |
| 23:25 | Research | Castle Age |
| 23:30 | Build | Palisade Wall |
| 23:34 | Build | Stone Wall |
| 23:35 | Build | Stone Wall |
| 23:42 | Build | House |
| 23:43 | Build | House |
| 23:46 | Build | Palisade Wall |
| 23:51 | Create | Villager (Male) |
| 23:51 | Create | Villager (Male) |
| 23:59 | Create | Villager (Male) |
Match timeline
| 5:05 | DS_Prodan · first_building Barracks |
| 7:37 | wR.Prisma · first_building Barracks |
| 7:39 | wR.Prisma · wall_segment Palisade Wall x4 |
| 7:55 | wR.Prisma · wall_segment Palisade Wall x6 |
| 8:50 | wR.Prisma · age_up feudal |
| 8:52 | wR.Prisma · first_building Archery Range |
| 8:52 | DS_Prodan · age_up feudal |
| 9:14 | DS_Prodan · wall_segment Palisade Wall x1 |
| 9:14 | DS_Prodan · wall_segment Palisade Wall x1 |
| 9:20 | DS_Prodan · wall_segment Palisade Wall x9 |
| 9:36 | wR.Prisma · wall_segment Palisade Wall x1 |
| 9:37 | wR.Prisma · wall_segment Palisade Wall x1 |
| 9:42 | wR.Prisma · wall_segment Palisade Wall x1 |
| 10:39 | DS_Prodan · wall_segment Palisade Wall x2 |
| 12:31 | DS_Prodan · first_building Archery Range |
| 13:04 | wR.Prisma · wall_segment Palisade Wall x1 |
| 14:58 | wR.Prisma · wall_segment Palisade Wall x1 |
| 14:59 | wR.Prisma · wall_segment Palisade Wall x1 |
| 15:00 | wR.Prisma · wall_segment Palisade Wall x2 |
| 17:11 | DS_Prodan · wall_segment Palisade Wall x1 |
| 17:13 | DS_Prodan · wall_segment Palisade Wall x2 |
| 17:14 | DS_Prodan · wall_segment Palisade Wall x3 |
| 17:15 | DS_Prodan · wall_segment Palisade Wall x1 |
| 18:21 | DS_Prodan · wall_segment Palisade Wall x3 |
| 18:22 | DS_Prodan · wall_segment Palisade Wall x4 |
| 18:23 | DS_Prodan · wall_segment Palisade Wall x1 |
| 19:11 | wR.Prisma · first_market_buy 100 food |
| 19:17 | DS_Prodan · wall_segment Palisade Wall x2 |
| 19:17 | DS_Prodan · wall_segment Palisade Wall x1 |
| 19:18 | DS_Prodan · wall_segment Palisade Wall x2 |
| 19:19 | DS_Prodan · wall_segment Palisade Wall x1 |
| 19:19 | wR.Prisma · first_building Stable |
| 19:24 | wR.Prisma · wall_segment Stone Wall x4 |
| 19:29 | wR.Prisma · wall_segment Stone Wall x1 |
| 19:31 | wR.Prisma · wall_segment Stone Wall x1 |
| 21:51 | wR.Prisma · age_up castle |
| 21:52 | wR.Prisma · first_building Siege Workshop |
| 22:15 | wR.Prisma · wall_segment Palisade Wall x3 |
| 22:53 | DS_Prodan · wall_segment Palisade Wall x1 |
| 23:19 | DS_Prodan · first_market_buy 100 food |
| 23:20 | DS_Prodan · first_market_sell 100 wood |
| 23:30 | DS_Prodan · wall_segment Palisade Wall x1 |
| 23:34 | DS_Prodan · wall_segment Stone Wall x2 |
| 23:35 | DS_Prodan · wall_segment Stone Wall x1 |
| 23:46 | DS_Prodan · wall_segment Palisade Wall x1 |
| 24:06 | DS_Prodan · resign |
[ AI ANALYSIS · 1 CREDIT ]
What really happened in this match?
Wolo.gg analyzes every decision: build order, eco, micro, common mistakes by bracket. Personalized analysis on WhatsApp or Discord in 30 seconds.
Civ guide
Shu
Perfil
Jugador #3176045